 Dungeon Crawl Stone Soup version 0.27-a0-1101-ge311f74 (webtiles) character file.

Game seed: 3848663719915417583

125 Nithhogg the Skirmisher (level 4, -1/35 (37) HPs)
             Began as a Demonspawn Fighter on Apr 28, 2021.
             Slain by a necrophage (2 damage)
             ... on level 6 of the Dungeon.
             The game lasted 00:06:40 (2583 turns).

Nithhogg the Skirmisher (Demonspawn Fighter)        Turns: 2583, Time: 00:06:41

HP:   -1/35 (37)    AC:  7    Str: 17 (18) XL:     4   Next: 82%
MP:   6/6           EV:  7    Int:  8 (9)  God:
Gold: 78            SH:  8    Dex:  9 (12) Spells: 3/3 levels left

rFire    . . .     SeeInvis .   a - +0 war axe
rCold    + . .     Faith    .   c - +0 kite shield
rNeg     . . .     Spirit   .   b - +1 scale mail
rPois    .         Reflect  .   (helmet restricted)
rElec    .         Harm     .   (no cloak)
rCorr    +         Rampage  .   (no gloves)
Will     .....                  (no boots)
Stlth    ..........             (no amulet)
HPRegen  0.11/turn              d - ring of resist corrosion
MPRegen  0.10/turn              f - ring of protection from cold

@: brilliant, very slightly contaminated, drained, invisible
A: horns 1
a: no special abilities


You were on level 6 of the Dungeon.
You visited 1 branch of the dungeon, and saw 4 of its levels.

You collected 78 gold pieces.

Inventory:

Hand Weapons
 a - a +0 war axe (weapon)
Armour
 b - a +1 scale mail (worn)
 c - a +0 kite shield (worn)
Jewellery
 d - a ring of resist corrosion (left hand)
 f - a ring of protection from cold (right hand)


   Skills:
 + Level 3.8 Fighting
 + Level 2.7 Axes
 + Level 3.4 Armour
 - Level 2.6 Shields
 + Level 2.7 Invocations


You had 3 spell levels left.
You didn't know any spells.
Your spell library contained the following spells:

 Spells                   Type           Power      Damage    Failure   Level
 Animate Skeleton         Necr           0%         N/A       100%        1
 Apportation              Tloc           0%         N/A       100%        1
 Corona                   Hex            0%         N/A       100%        1
 Pain                     Necr           0%         1d4       100%        1
 Summon Small Mammal      Summ           0%         N/A       100%        1
 Corpse Rot               Necr/Air       N/A        N/A       100%        2
 Vampiric Draining        Necr           0%         2d6       100%        3
 Animate Dead             Necr           0%         N/A       100%        4
 Summon Lightning Spire   Summ/Air       0%         N/A       100%        4
 Freezing Cloud           Conj/Ice/Air   0%         6-21      100%        6


Dungeon Overview and Level Annotations

Branches:
Dungeon (3/15)

Altars:
Fedhas

Annotations:
D:3 3 runed translucent doors, Toby's ghost, amateur DsFi


Innate Abilities, Weirdness & Mutations

You have a pair of small horns on your head.


Message History

You are too injured to fight recklessly!
You are too injured to fight recklessly!
You are too injured to fight recklessly!
You are too injured to fight recklessly!
You are too injured to fight recklessly!
You are too injured to fight recklessly!
You are too injured to fight recklessly!
You are too injured to fight recklessly!
You are too injured to fight recklessly!
You slash the necrophage! Your headbutt misses the necrophage.
The necrophage is almost destroyed.
You hit the iguana but do no damage. The necrophage hits you.
The iguana barely misses you. The iguana bites you!
* * * LOW HITPOINT WARNING * * *
The necrophage hits you.
* * * LOW HITPOINT WARNING * * *
You feel drained.
It was a potion of invisibility.
You fade into invisibility!
You block the necrophage's attack. You block the iguana's attack.
You are very lightly contaminated with residual magic.
Okay, then.
You completely miss the necrophage.
The necrophage is almost destroyed.
The necrophage hits you.
* * * LOW HITPOINT WARNING * * *
You feel drained.
* * * LOW HITPOINT WARNING * * *
You block the necrophage's attack.
It was a potion of brilliance.
You feel clever all of a sudden. The necrophage barely misses you.
It was a potion of degeneration.
There was something very wrong with that liquid.
You feel weakened.
You feel dopey.
You feel clumsy. You block the necrophage's attack.
You closely miss the necrophage.
The necrophage is almost destroyed.
The necrophage hits you.
You die...

### ... ..# ..... #.#
##.... #.# ....# #.#
....# ###.###########
....####......ln@....#
....#.....##########.#
....#.###.# ......#
#.# ...##.# #.#
.#....# #.. .#.####
### .#.. .####


You could see a necrophage and an iguana.

Vanquished Creatures
  5 adders (D:2)
  A worm (D:2)
  2 dart slugs
  4 orcs
  6 bats
  5 giant cockroaches
  13 goblins
  4 hobgoblins (D:2)
  4 jackals (D:2)
  8 kobolds
  4 quokkas
  3 ball pythons
  A frilled lizard (D:2)
  5 rats
65 creatures vanquished.

Notes
Turn   | Place    | Note
-------+----------+-------------------------------------------
     0 | D:1      | Nithhogg the Demonspawn Fighter began the quest for the
                  | Orb.
     0 | D:1      | Reached XP level 1. HP: 18/18 MP: 1/1
   196 | D:1      | Reached skill level 1 in Invocations
   196 | D:1      | Gained mutation: You have a pair of small horns on your
                  | head. [demonic ancestry]
   196 | D:1      | Reached XP level 2. HP: 20/24 MP: 2/2
   321 | D:1      | Found a faded altar of an unknown god.
   406 | D:1      | Identified the Volume of Evil and the Birds
   896 | D:2      | Reached XP level 3. HP: 29/29 MP: 4/4
  1270 | D:2      | Reached XP level 4. HP: 31/35 MP: 5/5
  2071 | D:3      | Found a runed translucent gate.
  2071 | D:3      | Found a runed translucent gate.
  2071 | D:3      | Found a runed translucent gate.
  2071 | D:3      | Noticed Toby's ghost (amateur DsFi)
  2427 | D:3      | Found a blossoming altar of Fedhas.
  2546 | D:3      | You fall into a shaft and drop 3 floors!
  2547 | D:6      | Noticed a necrophage
  2579 | D:6      | HP: 1/35 [necrophage (1)]
  2583 | D:6      | Slain by a necrophage

Illustrated notes

Levels and vault maps discovered:
D:1:      onia_arrival_mini_spirals, layout_basic,
          shapermc_ecumenical_altar_notcrosses, hangedman_glass_teeth
D:2:      minmay_recursive_quarters, layout_basic
D:3:      layout_basic, lemuel_crystal_altar, gammafunk_ghost_necromancy,
          kennysheep_orc_chapel
D:6:      layout_basic, grunt_dithmenos_smoke, okawaru_altar_gauntlet_db,
          minmay_temple_entry_proselytizer, uniq_sigmund

Skill      XL: |  1  2  3 |
---------------+----------+-----
Axes           | 2 |  2.7
Invocations    | 1 2 |  2.7
Armour         | 3 |  3.4
Fighting       | |  3.8
Shields        | |  2.6

Action                   |  1- 3 |  4- 6 || total
-------------------------+-------+-------++-------
Melee: War axe           |    87 |    93 ||   180
       Headbutt          |     4 |    15 ||    19
  Use: Potion            |     1 |     3 ||     4
       Scroll            |       |     1 ||     1
Armor: Scale mail        |    69 |    41 ||   110
Dodge: Dodged            |    35 |    27 ||    62
Block: Kite shield       |    46 |    58 ||   104

Table legend: (Time is in decaauts)
 A = Elapsed time spent in this place.
 B = Non-inter-level travel time spent in this place.
 C = Inter-level travel time spent in this place.
 D = Time resting spent in this place.
 E = Time spent auto-exploring this place.
 F = Levels seen in this place.
 G = Mean time per level.
                   A        B        C        D        E       F      G
               +--------+--------+--------+--------+--------+-----+--------+
         Total |   2695 |   2663 |     32 |      0 |   2073 |   4 |  673.8 |
       Dungeon |   2695 |   2663 |     32 |      0 |   2073 |   4 |  673.8 |
               +--------+--------+--------+--------+--------+-----+--------+

Top non-repeatable levels by time:
     D:2: 1289 daAuts
     D:1: 783 daAuts
     D:3: 582 daAuts
     D:6: 39 daAuts
